 Dungeon Crawl Stone Soup version 0.23.1 (webtiles) character file.

Game seed: 13058181042985988608

242 Cykl0x the Chucker (level 5, 0/73 HPs)
             Began as a Troll Hunter on Mar 9, 2019.
             Succumbed to a scorpion's poison
             ... on level 4 of the Dungeon.
             The game lasted 00:11:10 (2992 turns).

Cykl0x the Chucker (Troll Hunter)                   Turns: 2992, Time: 00:11:10

Health: 0/73       AC: 22    Str: 16    XL:     5   Next: 81%
Magic:  5/5        EV:  1    Int:  8    God:
Gold:   183        SH:  0    Dex: 10    Spells: 5/5 levels left

rFire    . . .     SeeInvis .   o - +0 whip
rCold    . . .     Gourm    +   (no shield)
rNeg     + + +     Faith    .   (armour currently unavailable)
rPois    +         Spirit   .   (helmet currently unavailable)
rElec    .         Reflect  .   (cloak currently unavailable)
rCorr    .         Harm     .   (gloves unavailable)
MR       .....     NoTele   +   (boots unavailable)
Stlth    +.........             g - amulet of rage
HPRegen  0.62/turn              r - -4 ring of strength (curse)
MPRegen  0.09/turn              (no ring)

@: lethally poisoned (0 -> -2), tree-form
A: large, unfitting armour, fast metabolism 3, gourmand, regeneration 1
a: Evoke Berserk Rage


You were on level 4 of the Dungeon.
You were full.
You were a tree.
You visited 1 branch of the dungeon, and saw 4 of its levels.

You collected 183 gold pieces.

Inventory:

Hand Weapons
 a - a +1 short sword
 o - a +0 whip (weapon)
Missiles
 d - 3 throwing nets (quivered)
 e - 139 stones
 j - 4 tomahawks
Armour
 b - a +1 robe (melded)
Jewellery
 g - an amulet of rage (around neck)
 r - a cursed -4 ring of strength (left branch)
Wands
 c - a wand of flame (25)
Scrolls
 i - a scroll of enchant armour
 l - a scroll of amnesia
 n - a scroll of fog
 q - a scroll of immolation
Potions
 h - a potion of lignification
 k - 2 potions of berserk rage
 p - a potion of magic {unknown}
Comestibles
 f - 10 rations


   Skills:
 + Level 1.9 Fighting
 * Level 0.7 Maces & Flails
 * Level 4.9 Throwing
 + Level 2.0 Dodging
 + Level 1.0 Stealth
 + Level 2.7 Unarmed Combat
 * Level 0.6 Spellcasting


You had 5 spell levels left.
You didn't know any spells.
Your spell library was empty.

Dungeon Overview and Level Annotations

Branches:
Dungeon (4/15)
 Temple: D:4-7

Altars:
Cheibriados
Qazlal
Trog


Innate Abilities, Weirdness & Mutations

You are too large for most types of armour.
((You have claws for hands.))
Your metabolism is lightning-fast.
You like to eat raw meat.
Your natural rate of healing is unusually fast.
((You are covered in fur. (AC +1)))
((You have extremely tough skin. (AC +3)))


Message History

The adder bites you but does no damage.
The scorpion stings you but does no damage.
You miss the adder.
The adder is lightly wounded.
The adder bites you but does no damage.
The scorpion stings you but does no damage.
You hit the adder but do no damage.
The adder is lightly wounded.
You feel sick. The adder bites you but does no damage. The scorpion stings you.
* * * LOW HITPOINT WARNING * * *
You are more poisoned.
The scorpion poisons you!
You hit the adder but do no damage.
The adder is lightly wounded.
You feel sick.
The adder bites you but does no damage. x2
The scorpion stings you.
* * * LOW HITPOINT WARNING * * *
You miss the adder.
The adder is lightly wounded.
You die...

#.....############ ######..
...............>.# #......#
..............>..# #......+
.................# +......#
(................# #......#
.................# #......#
.................######......# ##
...##+#####'##.S............# #.
...#.........#.s♣...........# #.
...+.........'..............# #.
...###+###...#..............#+##.
...#....##...#####...............
#..........'..#.......<.......
#..........#..#...............
#.#############...............
................ ...............


You could see a scorpion and an adder.

Vanquished Creatures
  3 worker ants (D:4)
  6 adders
  An ooze (D:1)
  4 worms
  A dart slug (D:2)
  4 leopard geckos
  7 orcs
  4 ball pythons
  4 giant cockroaches
  4 goblins
  12 hobgoblins
  5 jackals
  10 kobolds
  2 quokkas (D:3)
  8 bats
  3 frilled lizards (D:2)
  13 rats
91 creatures vanquished.

Notes
Turn   | Place    | Note
-------+----------+-------------------------------------------
     0 | D:1      | Cykl0x the Troll Hunter began the quest for the Orb.
     0 | D:1      | Reached XP level 1. HP: 19/19 MP: 0/0
   235 | D:1      | Reached XP level 2. HP: 28/28 MP: 1/1
   314 | D:1      | Reached skill level 4 in Throwing
  1034 | D:2      | Reached skill level 1 in Unarmed Combat
  1034 | D:2      | Reached XP level 3. HP: 35/35 MP: 2/2
  1246 | D:2      | Reached XP level 4. HP: 24/42 MP: 3/3
  1506 | D:2      | Found a bloodstained altar of Trog.
  2042 | D:3      | Reached XP level 5. HP: 48/49 MP: 4/4
  2128 | D:3      | Found a snail-covered altar of Cheibriados.
  2811 | D:4      | Reached skill level 1 in Stealth
  2881 | D:4      | Found a stormy altar of Qazlal.
  2991 | D:4      | HP: 1/73 [scorpion (4)]
  2992 | D:4      | Succumbed to a scorpion's poison

Skill      XL: |  1  2  3  4  5 |
---------------+----------------+-----
Throwing       | 4 |  4.9
Unarmed Combat | 1 2 |  2.7
Dodging        | 2 |  2.0
Stealth        | 1 |  1.0
Fighting       | |  1.9
Maces & Flails | |  0.7
Spellcasting   | |  0.6

Action                   |  1- 3 |  4- 6 || total
-------------------------+-------+-------++-------
Melee: Unarmed           |    67 |    62 ||   129
       Short sword       |     8 |       ||     8
       Punch             |       |     1 ||     1
       Whip              |       |   108 ||   108
Throw: Large rock        |    33 |    35 ||    68
       Tomahawk          |       |     3 ||     3
       Throwing net      |       |     2 ||     2
  Use: Scroll            |     4 |     8 ||    12
       Potion            |       |     1 ||     1
 Stab: Sleeping          |     1 |     1 ||     2
  Eat: Chunk             |    17 |    13 ||    30
Armor: Robe              |    32 |    78 ||   110
       Skin              |       |    17 ||    17
Dodge: Dodged            |    38 |   120 ||   158
